 Dungeon Crawl Stone Soup version 0.28-a0-1518-gbe868bca14 (webtiles) character file.

Game seed: 16555398403073235358

98 Essalna the Sneak (level 5, -2/40 HPs)
             Began as a Djinni Delver on Jan 17, 2022.
             Slain by a scorpion zombie (3 damage)
             ... on level 4 of the Dungeon.
             The game lasted 00:01:39 (1045 turns).

Essalna the Sneak (Djinni Delver)                   Turns: 1045, Time: 00:01:40

Health: -2/40      AC:  3    Str: 11    XL:     5   Next: 1%
Gold:   52         EV: 12    Int: 14    God:
                   SH:  0    Dex: 14

rFire   + + .      SeeInvis .   a - +0 falchion
rCold   x . .      Faith    .   (no shield)
rNeg    . . .      Spirit   .   b - +0 leather armour
rPois   ∞          Reflect  .   (no helmet)
rElec   .          Harm     .   (no cloak)
rCorr   .          Rampage  .   (no gloves)
Will    .....                   (boots unavailable)
Stlth   ++........              (no amulet)
HPRegen 0.13/turn               (no ring)
MPRegen 0.00/turn               (no ring)

@: flying
A: sickness immunity, fire resistance 2, cold vulnerability 1, float, innate
caster, hp casting, extra vitality 1
a: no special abilities


You were on level 4 of the Dungeon.
You visited 1 branch of the dungeon, and saw 2 of its levels.

You collected 52 gold pieces.

Inventory:

Hand Weapons
 a - a +0 falchion (weapon)
Armour
 b - a +0 leather armour (worn)
Wands
 g - a wand of digging (3)
Scrolls
 c - a scroll of fog
 d - a scroll of magic mapping
 e - a scroll of fear
Potions
 f - a potion of haste
 h - a potion of ambrosia {unknown}
 i - a potion of cancellation {unknown}


   Skills:
 - Level 3.0 Fighting
 - Level 1.7 Long Blades
 - Level 2.1 Dodging
 - Level 4.1 Stealth
 + Level 3.1 Spellcasting


You had 7 spell levels left.
You knew the following spells:

 Your Spells              Type           Power      Damage    Failure   Level
a - Apportation           Tloc           20%        N/A       8%          1
b - Corpse Rot            Necr/Air       20%        N/A       12%         2
Your spell library was empty.

Dungeon Overview and Level Annotations

Branches:
Dungeon (5/15)
 Temple: D:4-7

Altars:
Yredelemnul


Innate Abilities, Weirdness & Mutations

You are immune to sickness and miasma.
You are immune to poison.
Your flesh is very heat resistant. (rF++)
You are vulnerable to cold. (rC-)
You float through the air rather than walking.
You learn spells naturally, not from books.
Your magical power is your life essence.
You have superior vitality. (+4 MHP)


Message History

You are too injured to fight recklessly!
You are too injured to fight recklessly!
You are too injured to fight recklessly!
You are too injured to fight recklessly!
You are too injured to fight recklessly!
You are too injured to fight recklessly!
You are too injured to fight recklessly!
You hit the scorpion zombie.
The scorpion zombie is moderately damaged.
The scorpion zombie hits you.
You hit the scorpion zombie.
The scorpion zombie is moderately damaged.
The scorpion zombie hits you but does no damage.
The scorpion zombie hits you.
You slash the scorpion zombie!
The scorpion zombie is heavily damaged.
The scorpion zombie hits you.
You barely miss the scorpion zombie.
The scorpion zombie is heavily damaged.
The scorpion zombie hits you!
* * * LOW HITPOINT WARNING * * *
You hit the scorpion zombie.
The scorpion zombie is severely damaged.
The scorpion zombie closely misses you.
You hit the scorpion zombie but do no damage.
The scorpion zombie is severely damaged.
The scorpion zombie hits you.
* * * LOW HITPOINT WARNING * * *
You hit the scorpion zombie but do no damage.
The scorpion zombie is severely damaged.
The scorpion zombie hits you!
* * * LOW HITPOINT WARNING * * *
The scorpion zombie closely misses you.
You hit the scorpion zombie.
The scorpion zombie is severely damaged.
The scorpion zombie closely misses you.
You hit the scorpion zombie.
The scorpion zombie is severely damaged.
The scorpion zombie hits you.
You die...

#..........#>.....#
#.##8#.#8####..#..#
#### #'###
##.(#.###...
###.######..###.##.##
#_'.'.#.#..#.#.###.##
###)####.#...........
#.'.'.##.###...###.##
###.####.# ##.## #.#
+)@Z#..# #.# #..
#.###### #.## ####
+.+ #..## #.#
##.#.##### +.+
#.###..... #.#
#######.#.##### +.+
#....##..## ##
#.......(######
###............


You could see a scorpion zombie.

Vanquished Creatures
  A human zombie (D:4)
  A hound (D:5)
  A scorpion zombie (D:4)
  2 adder zombies (D:4)
  An orc (D:4)
  2 endoplasms (D:4)
  A goblin (D:4)
  A kobold (D:4)
10 creatures vanquished.

Notes
Turn   | Place    | Note
-------+----------+-------------------------------------------
     0 | D:5      | Essalna the Djinni Delver began the quest for the Orb.
     0 | D:5      | Reached XP level 1. HP: 20/20 MP: 0/0
    37 | D:5      | Noticed a hound
    44 | D:5      | Killed a hound
    45 | D:5      | Reached XP level 2. HP: 9/25 MP: 0/0
    45 | D:5      | Reached XP level 3. HP: 11/30 MP: 0/0
    45 | D:5      | Learned a level 1 spell: Apportation
   349 | D:4      | Noticed a phantom
   444 | D:4      | Reached XP level 4. HP: 9/35 MP: 0/0
   676 | D:4      | Found a basalt altar of Yredelemnul.
  1019 | D:4      | Reached XP level 5. HP: 38/40 MP: 0/0
  1019 | D:4      | Learned a level 2 spell: Corpse Rot
  1043 | D:4      | HP: 1/40 [scorpion zombie (7)]
  1045 | D:4      | Slain by a scorpion zombie

Illustrated notes

Levels and vault maps discovered:
D:4:      layout_loops_ring, mainiacjoe_overflow_alcove_2,
          lemuel_mausoleum_altar_yredelemnul, temple_doors_e, serial_shops,
          nicolae_shop_statue_plus, minmay_ruined_shrine
D:5:      nicolae_BIG_FREAKIN_CUBE, layout_rooms, amcnicky_altar_gilded,
          nicolae_ru_path_of_blood, gammafunk_ghost_nasty_kobolds

Skill      XL: |  1  2  3  4 |
---------------+-------------+-----
Spellcasting   | 2 3 |  3.1
Fighting       | |  3.0
Long Blades    | |  1.7
Dodging        | |  2.1
Stealth        | |  4.1

Action                   |  1- 3 |  4- 6 || total
-------------------------+-------+-------++-------
Melee: Falchion          |    34 |    58 ||    92
       Punch             |       |     1 ||     1
 Stab: Sleeping          |     2 |     2 ||     4
Armor: Leather armour    |     6 |    10 ||    16
Dodge: Dodged            |    21 |    30 ||    51

Table legend: (Time is in decaauts)
 A = Elapsed time spent in this place.
 B = Non-inter-level travel time spent in this place.
 C = Inter-level travel time spent in this place.
 D = Time resting spent in this place.
 E = Time spent auto-exploring this place.
 F = Levels seen in this place.
 G = Mean time per level.
                   A        B        C        D        E       F      G
               +--------+--------+--------+--------+--------+-----+--------+
         Total |   1064 |   1020 |     44 |      0 |    847 |   2 |  532.0 |
       Dungeon |   1064 |   1020 |     44 |      0 |    847 |   2 |  532.0 |
               +--------+--------+--------+--------+--------+-----+--------+

Top non-repeatable levels by time:
     D:4: 1013 daAuts
     D:5: 51 daAuts
